 Dungeon Crawl Stone Soup version 0.29.0-4-gdea44cf6ec (webtiles) character file.

Game seed: 6040425521759371561

6634 qw the Cleaver (level 10, 0/121 (136) HPs)
             Began as a Minotaur Berserker on Sept 10, 2022.
             Was an Elder of Trog.
             Slain by Josephine
             ... wielding a +1 dagger of venom
              (4 damage)
             ... on level 10 of the Dungeon.
             The game lasted 00:03:27 (10632 turns).

qw the Cleaver (Minotaur Berserker)                Turns: 10632, Time: 00:03:28

HP:   0/121 (136)   AC: 21    Str: 25    XL:     10   Next: 72%
MP:   9/9           EV:  9    Int:  4    God:    Trog [****..]
Gold: 75            SH: 15    Dex: 11    Spells: 9/9 levels left

rFire   . . .      SeeInvis .   Y - +1 war axe (protect)
rCold   . . .      Faith    .   n - +0 tower shield
rNeg    . . .      Spirit   .   j - +0 plate armour
rPois   .          Reflect  .   (helmet restricted)
rElec   .          Harm     .   (no cloak)
rCorr   .          Rampage  .   c - +1 pair of gloves
Will    +....                   s - +0 pair of boots {Stlth+}
Stlth   ..........              g - amulet of regeneration
HPRegen 1.10/turn               p - +4 ring of evasion
MPRegen 0.11/turn               u - ring of willpower

@: berserking, lethally poisoned (0 -> -1), about to teleport, under a
protective aura, heavily drained, very quick
A: horns 2, retaliatory headbutt
a: Renounce Religion, Berserk, Trog's Hand, Brothers in Arms


You were on level 10 of the Dungeon.
You worshipped Trog.
Trog was greatly pleased with you.
You visited 1 branch of the dungeon, and saw 10 of its levels.

You collected 418 gold pieces.
You spent 343 gold pieces at shops.


Innate Abilities, Weirdness & Mutations

You have a pair of horns on your head.
You reflexively headbutt those who attack you in melee.


   Skills:
 - Level 9.2 Fighting
 - Level 14.4 Axes
 - Level 2.3 Throwing
 - Level 3.3 Armour
 - Level 3.3 Dodging
 + Level 9.3 Shields


You had 9 spell levels left.
You didn't know any spells.
Your spell library was empty.

Inventory:

Hand Weapons
 m - a +0 flail
 Y - a +1 war axe of protection (weapon)
Missiles
 f - a silver boomerang (quivered)
 o - a boomerang
Armour
 c - a +1 pair of gloves (worn)
 j - a +0 plate armour (worn)
 n - a +0 tower shield (worn)
 s - a +0 pair of boots of stealth (worn)
Jewellery
 g - an amulet of regeneration (around neck)
 p - a +4 ring of evasion (left hand)
 u - a ring of willpower (right hand)
Scrolls
 a - 7 scrolls of teleportation
 k - 2 scrolls of identify
Potions
 d - 8 potions of curing
 i - 3 potions of haste
 v - a potion of might

Dungeon Overview and Level Annotations

Branches:
Dungeon (10/15)            Temple (0/1) D:4
   Lair: D:8-11         Orc: D:9-12

Altars:
Fedhas
Kikubaaqudgha
Ru
Sif Muna
Zin

Shops:
D:5 [   D:8 *   D:9 (

Annotations:
D:10 Josephine


Message History

A yak comes into view.
The yak bellows!
You slice Josephine!!
Your weapon exudes an aura of protection.
You headbutt Josephine.
Josephine is heavily wounded.
A yak comes into view.
Josephine points at you and mumbles some strange words.
The ghostly flame explodes!
The ghostly fireball engulfs you!!
You feel drained.
The ghostly fireball engulfs Josephine.
Josephine completely resists.
The yak bellows!
You hit Josephine.
You headbutt Josephine, but do no damage.
Josephine is heavily wounded.
Josephine hits you with a +1 dagger of venom.
You are poisoned.
You slice Josephine!!
Josephine is severely wounded.
You feel very sick. Josephine casts a spell at you.
The ghostly flame explodes!
The ghostly fireball engulfs you!!
You feel drained.
The ghostly fireball engulfs Josephine.
Josephine completely resists.
You hear a shout!
10629 ||| READING 8 scrolls of teleportation.
As you read the scroll of teleportation, it crumbles to dust.
You feel strangely unstable.
You feel sick. Josephine barely misses you.
10630 ||| INVOKING Berserk.
A red film seems to cover your vision as you go berserk!
You feel yourself moving faster!
You feel mighty!
You feel sick. Josephine draws life force from you!
Josephine is healed by the life force!
You closely miss Josephine. Your headbutt misses Josephine.
Josephine is severely wounded.
You feel sick.
You slice Josephine!!
Josephine is almost dead.
You feel sick.
Josephine hits you with a +1 dagger of venom.
You die...

#.# #.# #.#
. #.# ...
#.#####....
#..<.......
#..........
#.#######..
#@# #@#


YY# YWY# ...Y. .....# ......# .......# You could see Josephine, 5 yaks and a
wraith.

Vanquished Creatures
  A two-headed ogre (D:9)
  An ugly thing (D:7)
  A troll (D:9)
  2 dream sheep (D:9)
  Sigmund (D:5)
  2 wraiths (D:10)
  2 wyverns (D:9)
  Eustachio (D:5)
  A steam dragon (D:7)
  Edmund (D:6)
  2 acid dragons (D:9)
  3 water moccasins
  3 black bears
  4 orc warriors
  An ice beast (D:6)
  An ogre (D:7)
  4 centaurs
  A kobold brigand (D:9)
  Blork the orc (D:5)
  2 necrophages
  2 scorpions (D:5)
  8 wights
  8 killer bees (D:9)
  A howler monkey (D:7)
  A jelly (D:5)
  2 orc priests
  4 hounds (D:5)
  A gnoll bouda (D:9)
  6 iguanas
  7 orc wizards
  Natasha (thrice) (D:2)
  Robin (D:3)
  15 gnolls
  5 adders
  A white imp (D:6)
  An ufetubus (D:4)
  3 worms
  4 dart slugs
  33 orcs
  8 bats
  7 endoplasms
  6 giant cockroaches
  18 goblins
  7 hobgoblins
  8 quokkas
  7 ball pythons
  2 frilled lizards
  12 kobolds
  11 rats
227 creatures vanquished.

Vanquished Creatures (others)
  An orc wizard (D:8)
1 creature vanquished.

Grand Total: 228 creatures vanquished

Notes
Turn   | Place    | Note
-------+----------+-------------------------------------------
     0 | D:1      | qw the Minotaur Berserker began the quest for the Orb.
     0 | D:1      | Reached XP level 1. HP: 19/19 MP: 0/0
     0 | D:1      | 0 ||| qw: Version: 0.1-a-116-g5d60599
     0 | D:1      | 0 ||| qw: Game counter: 7505
     0 | D:1      | 0 ||| qw: Always use a shield: true
     0 | D:1      | 0 ||| qw: Do Orc after D:15 true
     0 | D:1      | 0 ||| qw: Do second Lair branch before Depths: true
     0 | D:1      | 0 ||| qw: Lair rune preference: random
     0 | D:1      | 0 ||| qw: Plans: Normal
     0 | D:1      | 0 ||| PLANNING D:1-11
   265 | D:1      | Reached skill level 4 in Axes
   336 | D:1      | Reached XP level 2. HP: 19/26 MP: 1/1
   593 | D:1      | 593 ||| DROPPING +0 club.
   605 | D:1      | Found a faded altar of an unknown god.
   723 | D:1      | Reached skill level 5 in Axes
   873 | D:1      | 873 ||| UPGRADING to +0 pair of gloves.
   878 | D:1      | 878 ||| UPGRADING to +0 ring mail.
   888 | D:1      | 888 ||| DROPPING +0 animal skin.
   889 | D:1      | 889 ||| READING scroll labelled UCSAPNIZAC.
   894 | D:1      | 894 ||| READING 2 scrolls labelled GOUDIU RAWOQ.
   895 | D:1      | 895 ||| READING scroll labelled FAMUFI YLASTUI.
   896 | D:1      | 896 ||| READING scroll labelled NATINT GOFUTI.
   997 | D:1      | 997 ||| READING scroll labelled YHUINUH IWIMN.
   998 | D:1      | 998 ||| DRINKING 3 grey potions.
   999 | D:1      | 999 ||| DROPPING scroll of vulnerability.
  1000 | D:1      | 1000 ||| Stepping randomly (stuck).
  1001 | D:1      | 1001 ||| Stepping ~*~*~tactically~*~*~ (cloud).
  1008 | D:1      | HP: 6/26 [poisoned by you (poison gas)]
  1283 | D:2      | 1283 ||| Stepping ~*~*~tactically~*~*~ (stealth).
  1284 | D:2      | 1284 ||| Stepping ~*~*~tactically~*~*~ (stealth).
  1286 | D:2      | 1286 ||| INVOKING Berserk.
  1292 | D:2      | Reached XP level 3. HP: 31/31 MP: 2/2
  1380 | D:2      | 1380 ||| Stepping ~*~*~tactically~*~*~ (stealth).
  1504 | D:2      | Reached ** piety under Trog
  1517 | D:2      | Noticed Natasha
  1519 | D:2      | 1519 ||| INVOKING Berserk.
  1521 | D:2      | Killed Natasha
  1679 | D:2      | Reached skill level 6 in Axes
  1679 | D:2      | Reached XP level 4. HP: 39/39 MP: 3/3
  1756 | D:2      | Noticed Natasha
  1757 | D:2      | 1757 ||| Stepping ~*~*~tactically~*~*~ (stealth).
  1760 | D:2      | 1760 ||| INVOKING Berserk.
  1764 | D:2      | Killed Natasha
  1901 | D:2      | 1901 ||| SWAPPING to +1 hand axe of electrocution.
  1902 | D:2      | 1902 ||| DROPPING +0 hand axe.
  1909 | D:2      | 1909 ||| Stepping ~*~*~tactically~*~*~ (hiding).
  1910 | D:2      | 1910 ||| Stepping ~*~*~tactically~*~*~ (hiding).
  1993 | D:2      | Found a sacrificial altar of Ru.
  2166 | D:2      | Noticed Natasha
  2167 | D:2      | 2167 ||| Stepping ~*~*~tactically~*~*~ (stealth).
  2169 | D:2      | 2169 ||| Stepping ~*~*~tactically~*~*~ (hiding).
  2172 | D:2      | 2172 ||| INVOKING Berserk.
  2173 | D:2      | Killed Natasha
  2438 | D:2      | 2438 ||| READING scroll labelled WUHOSY OTEJ.
  2439 | D:2      | 2439 ||| READING scroll labelled GIAB KEJ VUFA.
  2450 | D:3      | 2450 ||| PLANNING SEWER
  2451 | D:3      | 2451 ||| STAIRDANCE
  2531 | D:3      | 2531 ||| Stepping ~*~*~tactically~*~*~ (hiding).
  2545 | D:3      | 2545 ||| Stepping ~*~*~tactically~*~*~ (hiding).
  2553 | D:3      | Reached XP level 5. HP: 45/45 MP: 4/4
  2556 | D:3      | 2556 ||| Stepping ~*~*~tactically~*~*~ (stealth).
  2559 | D:3      | 2559 ||| Stepping ~*~*~tactically~*~*~ (stealth).
  2578 | D:3      | Reached skill level 7 in Axes
  2586 | D:3      | 2586 ||| Stepping ~*~*~tactically~*~*~ (stealth).
  2605 | D:3      | 2605 ||| Stepping ~*~*~tactically~*~*~ (stealth).
  2608 | D:3      | 2608 ||| Stepping ~*~*~tactically~*~*~ (stealth).
  2609 | D:3      | 2609 ||| Stepping ~*~*~tactically~*~*~ (stealth).
  2615 | D:3      | 2615 ||| Stepping ~*~*~tactically~*~*~ (stealth).
  2676 | D:3      | Noticed Robin
  2677 | D:3      | 2677 ||| Stepping ~*~*~tactically~*~*~ (hiding).
  2681 | D:3      | 2681 ||| INVOKING Berserk.
  2684 | D:3      | Killed Robin
  2722 | D:3      | 2722 ||| Stepping ~*~*~tactically~*~*~ (stealth).
  2737 | D:3      | 2737 ||| INVOKING Berserk.
  2892 | D:3      | 2892 ||| Stepping ~*~*~tactically~*~*~ (stealth).
  2980 | D:3      | Identified the +2 ring mail of Foohe {rPois rC- rCorr
                  | Str+4}
  3024 | D:3      | 3024 ||| FLEEEEING.
  3025 | D:3      | 3025 ||| FLEEEEING.
  3026 | D:3      | 3026 ||| FLEEEEING.
  3027 | D:3      | 3027 ||| FLEEEEING.
  3028 | D:3      | 3028 ||| FLEEEEING.
  3029 | D:3      | 3029 ||| FLEEEEING.
  3030 | D:3      | 3030 ||| FLEEEEING.
  3031 | D:3      | 3031 ||| FLEEEEING.
  3032 | D:3      | 3032 ||| FLEEEEING.
  3033 | D:3      | 3033 ||| FLEEEEING.
  3034 | D:3      | 3034 ||| FLEEEEING.
  3035 | D:3      | 3035 ||| FLEEEEING.
  3036 | D:3      | 3036 ||| FLEEEEING.
  3037 | D:3      | 3037 ||| STAIRDANCE
  3080 | D:2      | 3080 ||| UPGRADING to +2 ring mail of Foohe {rPois rC-
                  | rCorr Str+4}.
  3090 | D:2      | 3090 ||| DROPPING +0 ring mail.
  3091 | D:2      | 3091 ||| READING scroll labelled OBEEROGHYNN.
  3092 | D:2      | 3092 ||| DRINKING 3 glowing grey potions.
  3095 | D:3      | 3095 ||| STAIRDANCE
  3124 | D:2      | 3124 ||| DROPPING +0 whip.
  3128 | D:3      | 3128 ||| STAIRDANCE
  3172 | D:3      | 3172 ||| Stepping ~*~*~tactically~*~*~ (hiding).
  3174 | D:3      | 3174 ||| Stepping ~*~*~tactically~*~*~ (hiding).
  3178 | D:3      | 3178 ||| INVOKING Berserk.
  3207 | D:3      | 3207 ||| RIP SEWER
  3239 | D:3      | 3239 ||| PLANNING D:1-11
  3239 | D:3      | 3239 ||| Stepping ~*~*~tactically~*~*~ (stealth).
  3245 | D:3      | 3245 ||| Stepping ~*~*~tactically~*~*~ (stealth).
  3249 | D:3      | 3249 ||| INVOKING Berserk.
  3379 | D:3      | 3379 ||| SWAPPING to +0 war axe.
  3380 | D:3      | 3380 ||| DROPPING +1 hand axe of electrocution.
  3492 | D:3      | 3492 ||| Stepping ~*~*~tactically~*~*~ (stealth).
  3496 | D:3      | 3496 ||| Stepping ~*~*~tactically~*~*~ (stealth).
  3497 | D:3      | 3497 ||| Stepping ~*~*~tactically~*~*~ (stealth).
  3505 | D:3      | Reached XP level 6. HP: 52/52 MP: 5/5
  3629 | D:3      | Reached skill level 8 in Axes
  3854 | D:3      | 3854 ||| READING scroll labelled RUKLUS VOLL.
  3855 | D:3      | 3855 ||| READING scroll labelled KEAS CAANO.
  3902 | D:4      | Reached *** piety under Trog
  3905 | D:4      | 3905 ||| Stepping ~*~*~tactically~*~*~ (hiding).
  4159 | D:4      | 4159 ||| INVOKING Berserk.
  4598 | D:4      | Found a staircase to the Ecumenical Temple.
  4599 | D:4      | 4599 ||| Stepping ~*~*~tactically~*~*~ (hiding).
  4600 | D:4      | 4600 ||| Stepping ~*~*~tactically~*~*~ (hiding).
  4603 | D:4      | 4603 ||| INVOKING Berserk.
  4797 | D:4      | 4797 ||| Stepping ~*~*~tactically~*~*~ (stealth).
  4949 | D:4      | Found an ancient bone altar of Kikubaaqudgha.
  5048 | D:4      | 5048 ||| INVOKING Berserk.
  5051 | D:4      | Reached skill level 9 in Axes
  5192 | D:4      | 5192 ||| INVOKING Berserk.
  5348 | D:4      | 5348 ||| DROPPING +0 scale mail.
  5349 | D:4      | 5349 ||| DRINKING 2 fizzy white potions.
  5350 | D:4      | 5350 ||| DROPPING potion of flight.
  5371 | D:5      | Entered Level 5 of the Dungeon
  5371 | D:5      | Found Yprehy Vawne's Antique Armour Boutique.
  5379 | D:5      | 5379 ||| SHOPLISTING glowing scale mail (196 gold, have
                  | 166).
  5379 | D:5      | 5379 ||| SHOPLISTING shiny orb (336 gold, have 166).
  5379 | D:5      | 5379 ||| SHOPLISTING smoking chain mail (266 gold, have
                  | 166).
  5379 | D:5      | 5379 ||| SHOPLISTING transparent scale mail (252 gold, have
                  | 166).
  5473 | D:5      | Noticed a water moccasin
  5480 | D:5      | Killed a water moccasin
  5481 | D:5      | Reached XP level 7. HP: 49/61 MP: 6/6
  5548 | D:5      | 5548 ||| Stepping ~*~*~tactically~*~*~ (stealth).
  5572 | D:5      | Noticed Eustachio
  5575 | D:5      | 5575 ||| Stepping ~*~*~tactically~*~*~ (hiding).
  5576 | D:5      | 5576 ||| Stepping ~*~*~tactically~*~*~ (hiding).
  5580 | D:5      | 5580 ||| INVOKING Berserk.
  5583 | D:5      | Killed Eustachio
  5751 | D:5      | Noticed Blork the orc
  5754 | D:5      | 5754 ||| INVOKING Berserk.
  5757 | D:5      | Killed Blork the orc
  5758 | D:5      | Reached skill level 10 in Axes
  5907 | D:5      | Noticed Sigmund
  5911 | D:5      | 5911 ||| INVOKING Berserk.
  5914 | D:5      | Reached skill level 6 in Fighting
  5924 | D:5      | Killed Sigmund
  5925 | D:5      | Reached XP level 8. HP: 70/70 MP: 7/7
  6208 | D:5      | Reached skill level 11 in Axes
  6373 | D:5      | Reached skill level 3 in Dodging
  6501 | D:5      | 6501 ||| READING scroll labelled CUIXTEIKACS.
  6502 | D:5      | 6502 ||| DROPPING +0 flail.
  6503 | D:5      | 6503 ||| READING scroll labelled OJETURABALO.
  6504 | D:5      | 6504 ||| READING 2 scrolls of identify.
  6504 | D:5      | 6504 ||| IDENTIFYING orange potion
  6505 | D:5      | 6505 ||| DROPPING potion of attraction.
  6542 | D:6      | Noticed Edmund
  6547 | D:6      | 6547 ||| INVOKING Berserk.
  6548 | D:6      | Killed Edmund
  6727 | D:6      | 6727 ||| FLEEEEING.
  6728 | D:6      | 6728 ||| FLEEEEING.
  6729 | D:6      | 6729 ||| FLEEEEING.
  6730 | D:6      | 6730 ||| FLEEEEING.
  6731 | D:6      | 6731 ||| FLEEEEING.
  6732 | D:6      | 6732 ||| FLEEEEING.
  6733 | D:6      | 6733 ||| FLEEEEING.
  6734 | D:6      | 6734 ||| FLEEEEING.
  6735 | D:6      | 6735 ||| FLEEEEING.
  6736 | D:6      | 6736 ||| STAIRDANCE
  6838 | D:5      | 6838 ||| READING scroll labelled SAULIH OLAUK.
  6839 | D:5      | 6839 ||| READING 2 scrolls of identify.
  6839 | D:5      | 6839 ||| IDENTIFYING blue potion
  6840 | D:5      | 6840 ||| DROPPING potion of lignification.
  6843 | D:6      | 6843 ||| STAIRDANCE
  6845 | D:5      | 6845 ||| INVOKING Berserk.
  6848 | D:5      | Reached skill level 12 in Axes
  6919 | D:6      | 6919 ||| STAIRDANCE
  7015 | D:6      | 7015 ||| STAIRDANCE
  7067 | D:6      | 7067 ||| STAIRDANCE
  7104 | D:6      | 7104 ||| STAIRDANCE
  7145 | D:6      | 7145 ||| STAIRDANCE
  7445 | D:6      | Identified the +0 ring mail of the Hippo {rF+ Int+4}
  7472 | D:6      | 7472 ||| INVOKING Berserk.
  7694 | D:7      | Reached XP level 9. HP: 79/79 MP: 8/8
  7707 | D:7      | 7707 ||| Stepping ~*~*~tactically~*~*~ (stealth).
  7713 | D:7      | 7713 ||| Stepping ~*~*~tactically~*~*~ (stealth).
  7715 | D:7      | 7715 ||| Stepping ~*~*~tactically~*~*~ (stealth).
  7730 | D:7      | 7730 ||| Stepping ~*~*~tactically~*~*~ (stealth).
  7731 | D:7      | 7731 ||| Stepping ~*~*~tactically~*~*~ (stealth).
  7760 | D:7      | 7760 ||| Stepping ~*~*~tactically~*~*~ (hiding).
  7764 | D:7      | 7764 ||| INVOKING Berserk.
  7905 | D:7      | Reached skill level 13 in Axes
  7919 | D:7      | Reached skill level 3 in Armour
  8044 | D:7      | Noticed a red ugly thing
  8045 | D:7      | 8045 ||| Stepping ~*~*~tactically~*~*~ (stealth).
  8050 | D:7      | 8050 ||| Stepping ~*~*~tactically~*~*~ (stealth).
  8051 | D:7      | 8051 ||| INVOKING Berserk.
  8066 | D:7      | Killed a red ugly thing
  8067 | D:7      | Reached skill level 9 in Fighting
  8337 | D:7      | Found a flagged portal.
  8394 | D:7      | 8394 ||| Stepping ~*~*~tactically~*~*~ (hiding).
  8395 | D:7      | 8395 ||| Stepping ~*~*~tactically~*~*~ (hiding).
  8619 | D:7      | 8619 ||| READING scroll of brand weapon.
  8619 | D:7      | 8619 ||| BRANDING +1 war axe of flaming.
  8662 | D:7      | 8662 ||| Stepping ~*~*~tactically~*~*~ (hiding).
  8663 | D:7      | 8663 ||| Stepping ~*~*~tactically~*~*~ (hiding).
  8666 | D:7      | 8666 ||| INVOKING Berserk.
  8744 | D:7      | 8744 ||| DROPPING +0 club.
  8815 | D:7      | 8815 ||| DROPPING +0 mace.
  8816 | D:7      | 8816 ||| UPGRADING to amulet of regeneration.
  8821 | D:7      | 8821 ||| READING scroll labelled PUHYITHR WEVO.
  8822 | D:7      | 8822 ||| READING 2 scrolls of identify.
  8822 | D:7      | 8822 ||| IDENTIFYING sapphire potion
  8823 | D:7      | 8823 ||| DROPPING potion of brilliance.
  8882 | D:8      | 8882 ||| INVOKING Berserk.
  8886 | D:8      | Reached skill level 14 in Axes
  8907 | D:8      | 8907 ||| DRINKING 6 potions of curing.
  8907 | D:8      | 8907 ||| (to cure confusion)
  8917 | D:8      | Reached **** piety under Trog
  8960 | D:8      | 8960 ||| Stepping ~*~*~tactically~*~*~ (stealth).
  8961 | D:8      | 8961 ||| Stepping ~*~*~tactically~*~*~ (stealth).
  8963 | D:8      | 8963 ||| Stepping ~*~*~tactically~*~*~ (stealth).
  8964 | D:8      | 8964 ||| Stepping ~*~*~tactically~*~*~ (stealth).
  8965 | D:8      | 8965 ||| Stepping ~*~*~tactically~*~*~ (stealth).
  8967 | D:8      | 8967 ||| INVOKING Berserk.
  9155 | D:8      | Reached skill level 1 in Throwing
  9170 | D:8      | Reached XP level 10. HP: 91/91 MP: 9/9
  9181 | D:8      | 9181 ||| READING scroll of enchant armour.
  9181 | D:8      | 9181 ||| ENCHANTING +0 pair of gloves.
  9194 | D:8      | Found Nicuk's Assorted Antiques.
  9203 | D:8      | 9203 ||| BUYING pair of embroidered boots (157 gold).
  9203 | D:8      | Bought a pair of embroidered boots for 157 gold pieces
  9203 | D:8      | 9203 ||| BUYING pink potion (18 gold).
  9203 | D:8      | Bought a pink potion for 18 gold pieces
  9203 | D:8      | 9203 ||| BUYING runed steel ring (105 gold).
  9203 | D:8      | Bought a runed steel ring for 105 gold pieces
  9203 | D:8      | 9203 ||| BUYING scroll of teleportation (63 gold).
  9203 | D:8      | Bought a scroll of teleportation for 63 gold pieces
  9292 | D:8      | 9292 ||| INVOKING Berserk.
  9429 | D:8      | Found a glowing silver altar of Zin.
  9430 | D:8      | Found a blossoming altar of Fedhas.
  9606 | D:8      | 9606 ||| DROPPING +0 scale mail of poison resistance.
  9607 | D:8      | 9607 ||| DROPPING +0 ring mail of the Hippo {rF+ Int+4}.
  9608 | D:8      | 9608 ||| UPGRADING to +0 plate armour.
  9618 | D:8      | 9618 ||| DROPPING +2 ring mail of Foohe {rPois rC- rCorr
                  | Str+4}.
  9619 | D:8      | 9619 ||| DROPPING +0 chain mail.
  9620 | D:8      | 9620 ||| UPGRADING to +0 tower shield.
  9625 | D:8      | 9625 ||| UPGRADING to +0 pair of boots of stealth.
  9630 | D:8      | 9630 ||| DROPPING amulet of the acrobat.
  9631 | D:8      | 9631 ||| UPGRADING to +4 ring of evasion.
  9632 | D:8      | 9632 ||| UPGRADING to ring of willpower.
  9633 | D:8      | 9633 ||| DRINKING 2 black potions.
  9634 | D:8      | 9634 ||| READING 3 scrolls of identify.
  9634 | D:8      | 9634 ||| IDENTIFYING lumpy clear potion
  9635 | D:8      | 9635 ||| READING 2 scrolls of identify.
  9635 | D:8      | 9635 ||| IDENTIFYING pink potion
  9636 | D:8      | 9636 ||| DROPPING potion of invisibility.
  9637 | D:8      | 9637 ||| DROPPING potion of ambrosia.
  9668 | D:9      | Found Bunigagu's Weapon Boutique.
  9670 | D:9      | 9670 ||| SHOPLISTING +6 flail of the Blind Eye {holy,
                  | Str+6} (559 gold, have 41).
  9690 | D:9      | 9690 ||| Stepping ~*~*~tactically~*~*~ (stealth).
  9700 | D:9      | Reached skill level 1 in Shields
  9740 | D:9      | Noticed a two-headed ogre
  9741 | D:9      | 9741 ||| Stepping ~*~*~tactically~*~*~ (hiding).
  9742 | D:9      | 9742 ||| INVOKING Berserk.
  9746 | D:9      | Killed a two-headed ogre
  9767 | D:9      | Reached skill level 6 in Shields
  9897 | D:9      | 9897 ||| INVOKING Berserk.
 10310 | D:9      | 10310 ||| Stepping ~*~*~tactically~*~*~ (stealth).
 10312 | D:9      | 10312 ||| INVOKING Berserk.
 10406 | D:9      | Found a shimmering blue altar of Sif Muna.
 10408 | D:9      | 10408 ||| Stepping ~*~*~tactically~*~*~ (stealth).
 10418 | D:9      | 10418 ||| Stepping ~*~*~tactically~*~*~ (stealth).
 10419 | D:9      | 10419 ||| Stepping ~*~*~tactically~*~*~ (stealth).
 10420 | D:9      | 10420 ||| Stepping ~*~*~tactically~*~*~ (stealth).
 10603 | D:10     | Entered Level 10 of the Dungeon
 10606 | D:10     | 10606 ||| Stepping ~*~*~tactically~*~*~ (stealth).
 10611 | D:10     | Reached skill level 9 in Shields
 10621 | D:10     | Noticed Josephine
 10622 | D:10     | 10622 ||| Stepping ~*~*~tactically~*~*~ (hiding).
 10623 | D:10     | 10623 ||| Stepping ~*~*~tactically~*~*~ (hiding).
 10628 | D:10     | HP: 14/81 [Josephine/ghostly fireball (33)]
 10629 | D:10     | 10629 ||| READING 8 scrolls of teleportation.
 10630 | D:10     | 10630 ||| INVOKING Berserk.
 10630 | D:10     | HP: 4/121 [Josephine/vampiric draining (15)]
 10632 | D:10     | Slain by Josephine

Levels and vault maps discovered:
D:1:      dpeg_arrival_shelter, layout_rooms, basic_ecumenical_altar
D:2:      layout_loops_cross, basic_altar, minmay_misc_feat_rugged,
          grunt_ministairs_13, uniq_natasha
D:3:      layout_rooms, gup_sewer_entry_bubbles, st_stairs_11,
          minmay_misc_feat_pillars, minmay_misc_feat_doors,
          nicolae_eternal_life, uniq_robin
D:4:      layout_loops_corners, mainiacjoe_overflow_alcove_1,
          minmay_temple_entry_proselytizer
D:5:      layout_gridville, serial_shops, nicolae_stop_n_shop_1, uniq_eustachio,
          uniq_sigmund, uniq_blork_the_orc
D:6:      layout_basic, uniq_edmund
D:7:      layout_cave_pools, enter_bailey_2, solitary_fountain,
          grunt_decor_resistance
D:8:      layout_cave_pools, nicolae_overflow_squiral, serial_shops, shop
D:9:      layout_loops_ring, mainiacjoe_overflow_cross_hatched, serial_shops,
          shop, dreamdust_gnoll_shepherd
D:10:     layout_small_grid, grunt_temple_overflow_open, dpeg_oklobed_lair,
          hangedman_tell_no_tales, uniq_josephine

Skill      XL: |  1  2  3  4  5  6  7  8  9 10 |
---------------+-------------------------------+-----
Axes           | 4 5 6 7 9 10 12 14 | 14.4
Fighting       | 4 5 6 7 9 |  9.2
Dodging        | 3 |  3.3
Armour         | 3 |  3.3
Throwing       | 1 2 |  2.3
Shields        | 9 |  9.3

Action                   |  1- 3 |  4- 6 |  7- 9 | 10-12 || total
-------------------------+-------+-------+-------+-------++-------
Melee: Hand axe          |    66 |    82 |       |       ||   148
       Headbutt          |     7 |    29 |    25 |    17 ||    78
       Punch             |     1 |       |     1 |       ||     2
       War axe           |       |   101 |   161 |    83 ||   345
Throw: Boomerang         |       |       |     2 |    19 ||    21
Invok: Berserk           |     2 |    10 |    11 |     5 ||    28
  Use: Scroll            |     5 |     5 |     8 |     4 ||    22
       Potion            |     1 |     2 |     1 |     1 ||     5
Armor: Animal skin       |     6 |       |       |       ||     6
       Ring mail         |     4 |    45 |    65 |       ||   114
       Plate armour      |       |       |       |    31 ||    31
Dodge: Dodged            |    37 |    70 |   109 |    29 ||   245
Block: Tower shield      |       |       |       |    39 ||    39

Table legend:
 A = Non-vault XP
 B = Vault XP
 C = Vault XP percentage of total XP
 D = Non-vault monster count
 E = Vault monster count
 F = Vault count percentage of total count
                 A         B        C        D         E       F
            +---------+---------+-------+---------+---------+-------
      Total |    7631 |    1847 |  19.5 |     192 |      36 |  15.8
            +---------+---------+-------+---------+---------+-------
        D:1 |      39 |       0 |   0.0 |      23 |       0 |   0.0
        D:2 |     105 |      44 |  29.5 |      22 |       4 |  15.4
        D:3 |     172 |      87 |  33.6 |      29 |      22 |  43.1
        D:4 |     181 |      43 |  19.2 |      23 |       1 |   4.2
        D:5 |    1008 |     528 |  34.4 |      25 |       3 |  10.7
        D:6 |     396 |     154 |  28.0 |       6 |       1 |  14.3
        D:7 |    1823 |       0 |   0.0 |      20 |       0 |   0.0
        D:8 |    1104 |       0 |   0.0 |      20 |       0 |   0.0
        D:9 |    2803 |     557 |  16.6 |      24 |       3 |  11.1
       D:10 |       0 |     434 | 100.0 |       0 |       2 | 100.0
            +---------+---------+-------+---------+---------+-------
